Map: Acid Plant LE

Players

axu

  • Race: Protoss Protoss
  • League: Platinum
  • Spawn Location: 5:00

Raketenliga - Winner!

  • Race: Terran Terran
  • Spawn Location: 11:00

VOD

Have the link to the VOD?

Description

Time

  • Played on: May 14, 2018, 1:09 p.m.
  • Length: 7:48
Show
View Real Time Build Order
Export as new Build Order

axu Protoss 

Build Orders: 1 Gate Expand, Oracle Opening 

Get SALT Encoding   

  12  0:00  Probe  
  13  0:13  Probe  
  14  0:18  Pylon  
  14  0:26  Probe  
  15  0:38  Probe  
  15  0:40  Gateway  
  16  0:49  Probe  
  16  0:51  Assimilator  
  17  0:57  Probe  
  18  1:05  Probe  
  19  1:16  Probe  
  20  1:29  Nexus  
  20  1:45  Cybernetics Core  
  20  1:46  Pylon  
  20  1:54  Probe  
  20  1:58  Assimilator  
  20  2:00  Pylon  
  21  2:11  Stalker, Probe  
  24  2:23  Warp Gate  
  24  2:24  Probe  
  25  2:30  Twilight Council  
  25  2:36  Probe  
  26  2:49  Probe  
  26  2:50  Stalker  
  28  2:57  Probe  
  29  3:01  Probe  
  30  3:08  Stargate  
  30  3:09  Probe  
  31  3:14  Probe  
  32  3:21  Probe  
  32  3:23  Stalker  
  35  3:32  Gateway  
  35  3:33  Probe  
  36  3:41  Oracle  
  36  3:53  Stalker  
  36  3:54  Pylon  
  41  4:00  Probe x2  
  41  4:01  Pylon  
  43  4:07  Pylon  
  43  4:12  Probe  
  43  4:13  Probe  
  45  5:17  Probe x2  
  47  5:22  Gateway  
  47  5:28  Gateway  
  47  5:29  Probe x2  
  47  5:30  Gateway  
  47  5:35  Gateway  
  49  5:38  Stalker x2, Templar Archives  
  49  5:40  Blink  
  53  5:58  Robotics Facility  
  53  6:01  Gateway, Pylon  
  28  6:25  Stalker x2  
  32  6:27  Stalker  
  32  6:28  Stalker x2  
  32  6:32  Stalker  
  28  6:52  Stalker  
  28  6:53  Stalker x2  
  21  7:18  Stalker  
  21  7:19  Stalker  
Show
View Real Time Build Order
Export as new Build Order

Raketenliga Terran - Winner!

Build Orders: Reaper Expand, MMM Bio 

Get SALT Encoding   

  12  0:00  SCV  
  13  0:12  SCV  
  14  0:17  Supply Depot  
  14  0:25  SCV  
  15  0:38  SCV  
  15  0:40  Barracks  
  16  0:44  Refinery  
  16  0:51  SCV  
  17  1:03  SCV  
  18  1:15  SCV  
  19  1:27  Reaper  
  19  1:28  Orbital Command  
  20  1:54  Command Center  
  20  1:56  SCV  
  21  2:03  Refinery  
  21  2:06  Supply Depot  
  21  2:08  SCV  
  21  2:14  Barracks Reactor  
  21  2:15  Barracks  
  22  2:20  SCV  
  23  2:32  SCV  
  24  2:37  Factory  
  23  2:52  Marine x2  
  23  2:56  SCV  
  26  3:03  Barracks Tech Lab  
  26  3:08  Orbital Command  
  26  3:09  SCV  
  26  3:10  Marine x2  
  29  3:18  Orbital Command  
  29  3:21  SCV  
  29  3:22  Starport, Factory Reactor  
  29  3:24  Marine  
  29  3:25  Stimpack  
  31  3:28  Marine  
  32  3:35  Supply Depot, Marine  
  32  3:41  SCV  
  34  3:44  SCV  
  35  3:50  Marine  
  35  3:53  Marine, SCV  
  35  3:54  Marine  
  39  3:57  SCV  
  40  4:05  SCV  
  40  4:07  Medivac x2, Marine  
  46  4:11  Marine, SCV  
  46  4:12  Marine  
  49  4:17  SCV  
  49  4:21  Supply Depot  
  49  4:23  SCV  
  51  4:25  Marine  
  51  4:29  Marine, SCV  
  54  4:37  Marine  
  54  4:42  SCV x2  
  54  4:43  Marine  
  57  4:46  Marine  
  57  4:47  Supply Depot x2  
  53  5:02  SCV x2  
  54  5:08  Engineering Bay, Marine x3  
  54  5:14  SCV x2  
  59  5:26  Marine x3, SCV x2  
  59  5:28  Medivac  
  66  5:37  Missile Turret  
  66  5:38  SCV x2  
  66  5:40  Missile Turret  
  68  5:43  Refinery  
  68  5:44  Marine x2  
  68  5:45  Terran Infantry Weapons Level 1  
  68  5:47  Liberator, Command Center  
  70  5:50  Liberator, Marine  
  71  6:01  Combat Shields  
  71  6:02  Marine x2  
  78  6:13  Marine  
  78  6:18  Supply Depot  
  78  6:20  Supply Depot x2  
  78  6:24  Engineering Bay  
  78  6:28  Armory  
  78  6:36  Marine  
  77  6:40  Marauder  
  77  6:47  Marine  
  78  6:54  Marine  
  78  6:58  Barracks  
  78  6:59  Barracks  
  79  7:01  Marauder  
  79  7:03  Medivac x2  
  79  7:04  Marine  
  84  7:12  Marine  
  85  7:22  Marine  
  83  7:23  Marauder  
  82  7:30  Marine  
Tags
 
Add a new tag
Caveats
  • Supply blocks, unpowered buildings, or Contaminate may cause inaccurate times.
  • Supply counts are checked every 10 seconds.